 Dungeon Crawl Stone Soup version 0.32-a0-19-g28bc0835a1 (webtiles) character file.

Game seed: 3745788854415989596

51774 MacCMillion the Severer (level 15, 0/122 HPs)
             Began as a Formicid Fighter on Jan 17, 2024.
             Was the Champion of Okawaru.
             Slain by a six-headed hydra (12 damage)
             ... on level 5 of the Lair of Beasts.
             The game lasted 00:31:55 (18777 turns).

MacCMillion the Severer (Formicid Fighter)         Turns: 18777, Time: 00:31:56

Health: 0/122      AC: 30    Str: 29    XL:     15   Next: 3%
Magic:  21/21      EV:  8    Int:  7    God:    Okawaru [******]
Gold:   1052       SH: 15    Dex: 13    Spells: 14/14 levels left

rFire   . . .        Q - +4 battleaxe
rCold   . . .        a - +0 kite shield {AC+3}
rNeg    . . .        A - +3 plate armour
rPois   +            (helmet unavailable)
rElec   .            (no cloak)
rCorr   .            W - +0 pair of gloves
SInv    +            L - +2 pair of boots
Will    +....        F - amulet of reflection Stlth
                     S - ring of poison resistance
HPRegen 0.40/turn    y - +4 ring of protection
MPRegen 0.17/turn

%: reflection
@: no status effects
A: permanent stasis, dig shafts and tunnels, antennae 3, four strong arms
a: Dig, Shaft Self, Renounce Religion, Heroism, Finesse, Duel


You were on level 5 of the Lair of Beasts.
You worshipped Okawaru.
Okawaru was exalted by your worship.
You visited 3 branches of the dungeon, and saw 17 of its levels.

You collected 1340 gold pieces.
You spent 288 gold pieces at shops.

Inventory:

Hand Weapons
 C - a +4 flail of draining
 H - a +4 hand axe
 Q - a +4 battleaxe (weapon)
Missiles
 e - 27 poisoned darts
 n - 2 throwing nets
 D - 8 javelins
 O - 12 boomerangs (quivered)
 X - a datura-tipped dart
 Y - 4 silver javelins
Armour
 a - a +0 kite shield of protection (worn)
 A - a +3 plate armour (worn)
 L - a +2 pair of boots (worn)
 W - a +0 pair of gloves (worn)
Jewellery
 c - a ring of willpower
 d - the ring of the Powerful God {rElec rF+++ rC+ rCorr Str-5}
   (You found it on level 4 of the Lair of Beasts)

   [ring of protection from cold]

   Str-5:     It affects your strength (-5).
   rF+++:     It renders you almost immune to fire.
   rC+:       It protects you from cold.
   rElec:     It insulates you from electricity.
   rCorr:     It protects you from acid and corrosion.
 v - a +6 ring of dexterity
 y - a +4 ring of protection (right hand)
 F - an amulet of reflection (around neck)
 S - a ring of poison resistance (left hand)
Wands
 E - a wand of mindburst (26)
 G - a wand of paralysis (16)
 R - a wand of acid (8)
 T - a wand of polymorph (7)
Scrolls
 b - a scroll of revelation
 g - 4 scrolls of vulnerability
 h - a scroll of amnesia
 i - 2 scrolls of torment
 k - 12 scrolls of teleportation
 m - 3 scrolls of immolation
 p - 2 scrolls of enchant weapon
 r - a scroll of fog
 s - 3 scrolls of butterflies
 t - a scroll of silence {unknown}
 w - 4 scrolls of enchant armour
 I - a scroll of identify
 J - a scroll of poison {unknown}
 K - a scroll of noise {unknown}
 N - 3 scrolls of fear
 V - a scroll of acquirement {unknown}
 Z - a scroll of blinking {unknown}
Potions
 f - 12 potions of curing
 j - 6 potions of mutation
 l - 3 potions of haste
 o - 3 potions of degeneration
 q - 5 potions of brilliance
 u - 2 potions of enlightenment
 x - a potion of attraction
 z - 5 potions of lignification
 B - a potion of heal wounds
 M - a potion of resistance
 P - 2 potions of ambrosia
 U - 2 potions of berserk rage {unknown}


   Skills:
 + Level 12.6 Fighting
 + Level 16.9 Axes
 - Level 6.0 Throwing
 + Level 12.6 Armour
 - Level 2.0 Dodging
 + Level 7.5 Shields
 - Level 8.0 Invocations


You had 14 spell levels left.
You didn't know any spells.
Your spell library contained the following spells:

 Spells                   Type           Power      Damage    Failure   Level
 Foxfire                  Conj/Fire      0%         2x1d4     99%         1
 Freeze                   Ice            0%         1d3       99%         1
 Sandblast                Erth           0%         2d4       99%         1
 Cigotuvi's Dreadful Rot  Necr/Alch/Air  0%         N/A       100%        2
 Ensorcelled Hibernation  Hex/Ice        0%         N/A       100%        2
 Frozen Ramparts          Ice            0%         1d1       100%        3
 Fugue of the Fallen      Necr           0%         N/A       100%        3
 Hailstorm                Conj/Ice       0%         3d5       100%        3
 Ozocubu's Armour         Ice            0%         N/A       100%        3
 Passwall                 Erth           0%         N/A       100%        3
 Stone Arrow              Conj/Erth      0%         3d7       100%        3
 Anguish                  Hex/Necr       0%         N/A       100%        4
 Brom's Barrelling Bould  Conj/Erth      0%         2d3       100%        4
 Cause Fear               Hex            0%         N/A       100%        4
 Ignite Poison            Fire/Alch      0%         N/A       100%        4
 Leda's Liquefaction      Alch/Erth      0%         N/A       100%        4
 Passage of Golubria      Tloc           0%         N/A       100%        4
 Freezing Cloud           Conj/Ice/Air   0%         6-21      100%        5
 Lee's Rapid Deconstruct  Erth           0%         3d4*      100%        5
 Metabolic Englaciation   Hex/Ice        0%         N/A       100%        5
 Yara's Violent Unravell  Hex/Alch       0%         3d3       100%        5
 Bombard                  Conj/Erth      0%         9d1       100%        6
 Plasma Beam              Fire/Air       0%         2x1d10    100%        6
 Starburst                Conj/Fire      0%         6d3       100%        6
 Enfeeble                 Hex            0%         N/A       100%        7
 Tukima's Dance           Hex            Unusable   N/A       N/A         3
 Sculpt Simulacrum        Ice/Alch       Unusable   N/A       N/A         6

Dungeon Overview and Level Annotations

Branches:
Dungeon (11/15)            Temple (1/1) D:4            Lair (5/5) D:9
  Swamp (0/4) Lair:3       Spider (0/4) Lair:3        Slime (0/5) Lair:4
    Orc (0/2) D:11

Altars:
Ashenzari
Cheibriados
Dithmenos
Elyvilon
Fedhas
Gozag
Hepliaklqana
Kikubaaqudgha
Makhleb
Nemelex Xobeh
Okawaru
Qazlal
Ru
Sif Muna
Trog
Uskayaw
Vehumet
Wu Jian
Xom
Yredelemnul
Zin
The Shining One

Shops:
D:4 *   D:10 ?


Innate Abilities, Weirdness & Mutations

You cannot be hasted, slowed, berserked, paralysed or teleported.
You can dig through walls and to a lower floor.
You have a pair of large antennae on your head. (SInv)
Your four strong arms can wield two-handed weapons with a shield.


Message History

You block the death yak's attack.
The death yak is no longer petrified.
The four-headed hydra attacks as it pursues you!
You block the four-headed hydra's attack.
The four-headed hydra bites you.
* * * LOW HITPOINT WARNING * * *
The four-headed hydra bites you but does no damage.
You block the four-headed hydra's attack.
Okay, then.
You feel much better.
The four-headed hydra bites you but does no damage.
The four-headed hydra bites you!
* * * LOW HITPOINT WARNING * * *
The four-headed hydra bites you.
* * * LOW HITPOINT WARNING * * *
The four-headed hydra bites you but does no damage.
You block the death yak's attack. x2
The death yak attacks as it pursues you!
You block the death yak's attack.
You slice the death yak!!
You kill the death yak!
Okawaru accepts your kill.
You slice one of the four-headed hydra's heads off!
The three-headed hydra grows two more!
You slash the five-headed hydra!
You block the five-headed hydra's attack. x3
The five-headed hydra bites you!
* * * LOW HITPOINT WARNING * * *
The five-headed hydra bites you but does no damage.
You lop one of the five-headed hydra's heads off!
The four-headed hydra grows two more!
You slice the six-headed hydra!!
The six-headed hydra is heavily wounded.
You block the six-headed hydra's attack.
The six-headed hydra bites you.
* * * LOW HITPOINT WARNING * * *
You block the six-headed hydra's attack.
The six-headed hydra bites you.
* * * LOW HITPOINT WARNING * * *
The six-headed hydra bites you but does no damage.
The six-headed hydra bites you!
You die...

.............##
.....P.####...###
.....### ###...##
#...## ##...##
##†.# #...P##
.#.## ##...P#
#.## #....# ##..#
{ ##...# #...# {
#@Y.# #...# ##D.#
.h.P# #YY## P....
.. #..†# .P...# .
###. #...# .....#
..##... #...#
#..÷.# 8......
#♣..# ##....
.÷.....##..##
#.....Y#..##


You could see 3 death yaks and a six-headed hydra.

Vanquished Creatures
  Kirke (Lair:3)
  Josephine (D:11)
  A hydra (Lair:4)
  2 catoblepae
  2 two-headed ogres
  6 death yaks
  Nergalle (Lair:3)
  Lodul (D:11)
  A skyshark (Lair:5)
  Pikel (D:4)
  A lindwurm (Lair:2)
  3 cyclopes (D:11)
  A manticore (D:11)
  18 elephants
  3 meliai (Lair:4)
  3 torpor snails
  3 black mambas
  10 cane toads
  An unseen horror (D:10)
  7 rime drakes
  6 komodo dragons
  A queen bee (Lair:4)
  A troll (D:10)
  A hornet (D:10)
  6 polar bears
  3 dream sheep (Lair:3)
  5 blink frogs
  2 shadows
  5 basilisks
  A vampire (D:11)
  42 yaks
  6 wraiths
  2 steam dragons
  3 hogs (Lair:3)
  7 wyverns
  3 vampire mosquitoes (D:11)
  A swamp worm (Lair:3)
  2 acid dragons
  Edmund (D:4)
  13 water moccasins
  3 ice beasts
  3 orc warriors
  5 black bears
  7 ogres
  15 wolves
  A centaur (D:11)
  4 lemures
  2 kobold brigands
  3 phantoms
  3 scorpions
  20 bullfrogs
  17 wights
  41 killer bees
  10 howler monkeys
  2 bombardier beetles
  A crimson imp (D:6)
  6 orc priests
  2 hounds
  4 iguanas
  A jelly (D:7)
  24 orc wizards
  2 scorpion zombies (D:3)
  A hell rat (Lair:4)
  5 adders
  A white imp (D:7)
  4 ufetubi
  A dart slug (D:2)
  A ribbon worm (D:2)
  39 orcs
  2 bat zombies (D:3)
  9 endoplasms
  A giant cockroach (D:2)
  7 goblins
  5 hobgoblins
  2 jackals (D:4)
  3 quokkas
  7 ball pythons
  3 bats
  5 frilled lizards
  A frilled lizard zombie (D:3)
  15 kobolds
  A quokka zombie (D:3)
  8 rats
475 creatures vanquished.

Notes
Turn   | Place    | Note
-------+----------+-------------------------------------------
     0 | D:1      | MacCMillion the Formicid Fighter began the quest for the
                  | Orb.
     0 | D:1      | Reached XP level 1. HP: 18/18 MP: 1/1
   116 | D:1      | Reached XP level 2. HP: 24/24 MP: 2/2
   386 | D:1      | Reached skill level 3 in Axes
   638 | D:1      | Reached XP level 3. HP: 29/29 MP: 3/3
   751 | D:2      | Found a faded altar of an unknown god.
  1388 | D:3      | Reached skill level 4 in Axes
  1388 | D:3      | Reached XP level 4. HP: 35/35 MP: 4/4
  1613 | D:3      | Found an ancient bone altar of Kikubaaqudgha.
  1716 | D:3      | Found a basalt altar of Yredelemnul.
  1735 | D:3      | Reached XP level 5. HP: 31/41 MP: 5/5
  1804 | D:3      | Reached skill level 5 in Axes
  2189 | D:4      | Noticed a black bear
  2217 | D:4      | Killed a black bear
  2218 | D:4      | Reached skill level 1 in Dodging
  2218 | D:4      | Reached XP level 6. HP: 29/47 MP: 6/6
  2394 | D:4      | Noticed Edmund
  2684 | D:4      | Found an opulent altar of Gozag.
  2726 | D:4      | Reached skill level 6 in Axes
  2737 | D:4      | Reached XP level 7. HP: 32/52 MP: 7/7
  2850 | D:4      | Found a staircase to the Ecumenical Temple.
  2857 | Temple   | Entered the Ecumenical Temple
  2970 | D:4      | Killed Edmund
  3218 | D:4      | Found Uwagaceu's Assorted Antiques.
  3229 | D:4      | Bought a scroll labelled IRUCSY NEUWN for 24 gold pieces
  3229 | D:4      | Bought an emerald potion for 21 gold pieces
  3229 | D:4      | Bought a grey potion for 21 gold pieces
  3229 | D:4      | Bought a puce potion for 21 gold pieces
  3290 | D:4      | Noticed Pikel
  3397 | D:4      | Killed Pikel
  3398 | D:4      | Reached skill level 8 in Axes
  3398 | D:4      | Reached XP level 8. HP: 58/58 MP: 8/8
  3548 | D:5      | Entered Level 5 of the Dungeon
  3601 | D:5      | Reached skill level 9 in Axes
  3659 | D:5      | Found an iron altar of Okawaru.
  4383 | D:5      | Found a glowing golden altar of the Shining One.
  4626 | D:6      | Reached skill level 10 in Axes
  4664 | D:6      | Reached XP level 9. HP: 61/64 MP: 9/9
  4785 | D:6      | Reached skill level 11 in Axes
  5047 | D:6      | Found a radiant altar of Vehumet.
  5054 | D:6      | Found a burning altar of Makhleb.
  5204 | D:6      | Reached skill level 12 in Axes
  5538 | D:7      | Found a sacrificial altar of Ru.
  6188 | D:6      | Reached XP level 10. HP: 70/70 MP: 10/10
  6368 | D:7      | Reached skill level 13 in Axes
  6498 | D:8      | Found a bloodstained altar of Trog.
  7089 | D:8      | Found an ornate altar of the Wu Jian Council.
  7423 | D:8      | Identified the +1 chain mail of Grace {Str+5}
  7481 | D:9      | Found a shimmering altar of Xom.
  7483 | D:9      | Found a shimmering altar of Xom.
  7485 | D:9      | Found a shadowy altar of Dithmenos.
  7486 | D:9      | Found a shimmering altar of Xom.
  7582 | D:9      | Found a shimmering altar of Xom.
  7582 | D:9      | Found a shimmering altar of Xom.
  7593 | D:8      | Reached skill level 14 in Axes
  8175 | D:9      | Reached skill level 15 in Axes
  8212 | D:9      | Reached XP level 11. HP: 75/75 MP: 11/11
  8396 | D:5      | Became a worshipper of Warmaster Okawaru
  8598 | D:9      | Found a staircase to the Lair.
  8610 | D:9      | Noticed a two-headed ogre
  8651 | D:9      | Killed a two-headed ogre
  8782 | D:9      | Found a shimmering altar of Xom.
  8790 | D:9      | Found a shimmering altar of Xom.
  9080 | D:9      | Found a stormy altar of Qazlal.
  9104 | D:9      | Found a shimmering blue altar of Sif Muna.
  9287 | D:10     | Entered Level 10 of the Dungeon
  9322 | D:10     | Reached skill level 5 in Armour
  9335 | D:10     | Reached * piety under Okawaru
  9343 | D:10     | Reached skill level 5 in Fighting
  9410 | D:10     | Found Pamy's Magic Scroll Emporium.
  9430 | D:10     | Bought a scroll of fear for 52 gold pieces
  9430 | D:10     | Bought a scroll of enchant armour for 97 gold pieces
  9430 | D:10     | Bought a scroll of identify for 26 gold pieces
  9430 | D:10     | Bought a scroll of identify for 26 gold pieces
  9462 | D:10     | Noticed a two-headed ogre
  9475 | D:10     | Killed a two-headed ogre
  9475 | D:10     | Reached ** piety under Okawaru
  9975 | D:11     | Noticed a cyclops
  9980 | D:11     | Killed a cyclops
 10199 | D:11     | Reached *** piety under Okawaru
 10204 | D:11     | Reached XP level 12. HP: 91/91 MP: 14/14
 10362 | D:11     | Found a staircase to the Orcish Mines.
 10588 | D:11     | Noticed Josephine
 10600 | D:11     | Killed Josephine
 10601 | D:11     | Reached **** piety under Okawaru
 10670 | D:11     | Found a glowing silver altar of Zin.
 10732 | D:11     | Noticed Lodul
 11109 | D:11     | Killed Lodul
 11742 | Lair:1   | Entered Level 1 of the Lair of Beasts
 12460 | Lair:1   | Reached skill level 10 in Armour
 12480 | Lair:1   | Reached skill level 10 in Fighting
 12481 | Lair:1   | Reached skill level 5 in Invocations
 12481 | Lair:1   | Reached ***** piety under Okawaru
 12881 | Lair:2   | Noticed a catoblepas
 12918 | Lair:2   | Killed a catoblepas
 12919 | Lair:2   | Reached XP level 13. HP: 33/103 MP: 17/17
 13368 | Lair:2   | Reached skill level 1 in Throwing
 13380 | Lair:2   | Identified the ring of the Sky {Int+4 SInv}
 13493 | Lair:2   | Found the +4 skin of Zhor {*Englaciate rC+++ SInv}
 14132 | Lair:3   | Received a gift from Okawaru
 14312 | Lair:3   | Noticed Nergalle
 14326 | Lair:3   | Killed Nergalle
 14414 | Lair:3   | Found a hole to the Spider Nest.
 14432 | Lair:3   | Found a stormy altar of Qazlal.
 14505 | Lair:3   | Found a staircase to the Swamp.
 14738 | Lair:3   | Noticed Kirke
 14777 | Lair:3   | Killed Kirke
 15105 | Lair:3   | Reached skill level 16 in Axes
 15586 | Lair:4   | Received a gift from Okawaru
 15641 | Lair:4   | Reached XP level 14. HP: 71/113 MP: 16/20
 16008 | Lair:4   | Found a staircase to the Slime Pits.
 16057 | Lair:4   | Reached skill level 5 in Throwing
 16098 | Lair:3   | Received a gift from Okawaru
 16098 | Lair:3   | Reached ****** piety under Okawaru
 16099 | Lair:3   | Acquired a +1 vampiric executioner's axe
 16099 | Lair:3   | Received a gift from Okawaru
 16350 | Lair:4   | Acquired a +0 kite shield of protection
 16350 | Lair:4   | Received a gift from Okawaru
 16854 | Lair:4   | Reached skill level 5 in Shields
 16899 | Lair:4   | Received a gift from Okawaru
 17253 | Lair:4   | Identified the ring of the Powerful God {rElec rF+++ rC+
                  | rCorr Str-5}
 17716 | Lair:5   | Entered Level 5 of the Lair of Beasts
 17860 | Lair:5   | Received a gift from Okawaru
 18769 | Lair:5   | Reached XP level 15. HP: 22/122 MP: 21/21
 18777 | Lair:5   | Slain by a six-headed hydra

Illustrated notes

Levels and vault maps discovered:
D:1:      roderic_dead_forest, layout_basic
D:2:      layout_basic, hellmonk_ecumenical_altar_blasted,
          grunt_decor_one_mirror
D:3:      layout_basic, nicolae_yredelemnul_corpse_copse,
          lemuel_zombie_altar_kikubaaqudgha
D:4:      layout_rooms, nicolae_gozag_cash_rules_everything_around_me,
          minmay_temple_entry_butterflies, serial_shops, nicolae_shop_crystal,
          uniq_pikel, uniq_edmund
D:5:      layout_basic, nicolae_tso_carved_into_rock, okawaru_trees_2
D:6:      minmay_flawed_box, layout_basic, mainiacjoe_overflow_boulevard,
          makhleb_grotto_becter
D:7:      layout_loops_cross, mainiacjoe_overflow_tiny_flanked,
          kennysheep_generic_room_3
D:8:      layout_loops_ring, nicolae_wu_jian_immortal_techniques,
          trog_hazing_becter
D:9:      layout_basic, nicolae_xom_altar_mimics, mainiacjoe_overflow_catwalk,
          nicolae_sif_muna_little_library, grunt_dithmenos_smoke_and_mirrors,
          dpeg_oklobed_lair
D:10:     layout_rooms, serial_shops, shop, solitary_fountain,
          eino_small_chamber_without_monster
D:11:     layout_long_grid, david_orc_2, minmay_splitting_lines, zin_treasury,
          uniq_josephine, uniq_lodul
Temple:   nicolae_temple_ecumenical_triangle
Lair:1:   layout_cave_pods, beast_lair_carwin_10, serial_bayou_shore_a
Lair:2:   layout_long_grid, hellmonk_guarded_unrand_zhor
Lair:3:   layout_roguey, minmay_swamp_entry_worms, spider_nest_entry_web_field,
          serial_forest, infiniplex_forest_clump_medium,
          infiniplex_forest_lined_3, infiniplex_forest_clump_tiny,
          infiniplex_forest_corner_2, infiniplex_forest_clump_diagonal,
          infiniplex_forest_lined_1, infiniplex_forest_clump_diagonal,
          infiniplex_forest_lined_corner, infiniplex_forest_straight_4,
          infiniplex_forest_join, basic_altar, uniq_kirke, uniq_nergalle
Lair:4:   regret_index_combs_of_tragedy, layout_cave_pods, slime_entry_1,
          grunt_megastairs_5, infiniplex_staircase_pool_2
Lair:5:   grunt_lair_end_beastmaster, layout_layer_cave,
          cheibrodos_lair_lostbears

Skill      XL: |  1  2  3  4  5  6  7  8  9 10 11 12 13 14 |
---------------+-------------------------------------------+-----
Axes           | 3 4 5 6 8 10 12 15 16 | 16.9
Dodging        | 1 2 |  2.0
Fighting       | 7 10 11 12 | 12.6
Armour         | 7 10 11 12 | 12.6
Invocations    | 3 5 8 |  8.0
Throwing       | 4 6 |  6.0
Shields        | 7 |  7.5

Action                     |  1- 3 |  4- 6 |  7- 9 | 10-12 | 13-15 || total
---------------------------+-------+-------+-------+-------+-------++-------
  Melee: War axe           |    81 |   132 |   200 |       |       ||   413
         Hand axe          |       |       |   104 |   133 |       ||   237
         Battleaxe         |       |       |       |   434 |   659 ||  1093
         Unarmed           |       |       |       |    16 |       ||    16
         Punch             |       |       |       |       |     4 ||     4
         Flail             |       |       |       |       |     6 ||     6
  Throw: Dart              |       |       |       |     5 |       ||     5
         Boomerang         |       |       |       |       |     2 ||     2
 Invoke: Heroism           |       |       |       |     3 |     5 ||     8
         Finesse           |       |       |       |       |     1 ||     1
         Receive Weapon    |       |       |       |       |     1 ||     1
         Receive Armour    |       |       |       |       |     1 ||     1
Ability: Dig               |       |       |     2 |       |       ||     2
    Use: Scroll            |       |     1 |       |    15 |     2 ||    18
         Potion            |       |       |     1 |       |     1 ||     2
   Stab: Petrified         |       |       |       |     1 |     4 ||     5
         Petrifying        |       |       |       |       |     1 ||     1
 Armour: Scale mail        |    51 |    94 |       |       |       ||   145
         Plate armour      |       |       |   203 |   319 |   456 ||   978
         Skin              |       |       |       |     3 |       ||     3
  Dodge: Dodged            |    40 |    58 |    77 |   116 |   174 ||   465
  Block: Buckler           |    22 |    33 |    91 |   264 |    36 ||   446
         Reflection        |       |       |       |    10 |       ||    10
         Other             |       |       |       |     3 |    33 ||    36
         Kite shield       |       |       |       |       |   312 ||   312

Table legend: (Time is in decaauts)
 A = Elapsed time spent in this place.
 B = Non-inter-level travel time spent in this place.
 C = Inter-level travel time spent in this place.
 D = Time resting spent in this place.
 E = Time spent auto-exploring this place.
 F = Levels seen in this place.
 G = Mean time per level.
                   A        B        C        D        E       F      G
               +--------+--------+--------+--------+--------+-----+--------+
         Total |  18714 |  17839 |    875 |   4073 |   9924 |  17 | 1100.8 |
       Dungeon |  11801 |  11169 |    632 |   2578 |   6202 |  11 | 1072.8 |
        Temple |     17 |      9 |      8 |      0 |      0 |   1 |   17.0 |
          Lair |   6895 |   6661 |    234 |   1495 |   3721 |   5 | 1379.0 |
               +--------+--------+--------+--------+--------+-----+--------+

Top non-repeatable levels by time:
  Lair:4: 1781 daAuts
  Lair:3: 1602 daAuts
     D:8: 1553 daAuts
    D:11: 1416 daAuts
  Lair:2: 1331 daAuts
     D:4: 1294 daAuts
     D:5: 1210 daAuts
  Lair:1: 1127 daAuts
     D:9: 1096 daAuts
  Lair:5: 1053 daAuts
    D:10: 1004 daAuts
     D:6: 959 daAuts
     D:7: 950 daAuts
     D:3: 906 daAuts
     D:1: 746 daAuts
